Map: Lost and Found LE

Players

FLORENCIO

  • Race: Protoss Protoss
  • League: Master
  • Spawn Location: 7:00

lfrENzyl - Winner!

  • Race: Terran Terran
  • League: Master
  • Spawn Location: 1:00

VOD

Have the link to the VOD?

Description

Time

  • Played on: Aug. 10, 2018, 2:09 p.m.
  • Length: 16:32
Show
View Real Time Build Order
Export as new Build Order

FLORENCIO Protoss 

Build Orders: 1 Gate Expand, Oracle Opening 

Get SALT Encoding   

  12  0:01  Probe  
  13  0:14  Probe  
  14  0:18  Pylon  
  14  0:26  Probe  
  15  0:38  Probe  
  15  0:39  Gateway  
  16  0:51  Gateway  
  16  0:54  Probe  
  17  1:22  Nexus  
  16  1:32  Zealot  
  16  1:34  Probe  
  19  1:41  Assimilator  
  19  1:45  Assimilator  
  19  2:08  Probe  
  19  2:09  Nexus  
  19  2:12  Pylon  
  20  2:16  Probe  
  20  2:19  Cybernetics Core  
  21  2:24  Probe  
  22  2:32  Probe  
  23  2:43  Probe  
  24  2:55  Probe  
  25  3:07  Adept x2  
  25  3:08  Probe  
  30  3:13  Stargate  
  28  3:27  Probe  
  28  3:29  Probe  
  30  3:36  Pylon  
  30  3:37  Probe  
  31  3:41  Probe, Assimilator  
  31  3:44  Assimilator  
  31  3:45  Probe  
  32  3:54  Probe x2  
  34  3:57  Oracle  
  38  4:06  Probe x2  
  40  4:18  Probe x2  
  42  4:30  Probe  
  39  4:59  Void Ray  
  36  5:12  Fleet Beacon  
  40  5:14  Shield Battery  
  40  5:15  Stalker x2  
  44  5:21  Shield Battery  
  44  5:23  Shield Battery  
  44  5:25  Probe  
  44  5:26  Shield Battery  
  44  5:28  Probe  
  45  5:29  Pylon  
  45  5:35  Nexus  
  46  5:40  Probe  
  47  5:45  Stalker x2, Tempest  
  57  5:58  Probe  
  58  6:05  Probe  
  58  6:06  Probe  
  58  6:10  Robotics Facility  
  60  6:14  Pylon x2  
  60  6:15  Probe  
  61  6:27  Probe  
  61  6:32  Tempest  
  68  6:38  Probe  
  69  6:43  Stalker x2  
  73  6:49  Probe  
  73  6:50  Probe  
  75  6:54  Pylon  
  75  7:00  Robotics Bay  
  75  7:01  Probe  
  76  7:12  Probe  
  76  7:15  Tempest  
  83  7:17  Warp Gate, Pylon  
  83  7:22  Twilight Council  
  83  7:24  Probe  
  83  7:28  Probe  
  83  7:29  Probe  
  86  7:35  Assimilator  
  86  7:36  Probe  
  87  7:38  Assimilator  
  87  7:40  Probe  
  87  7:41  Colossus, Probe  
  89  7:52  Probe  
  89  7:54  Probe  
  97  8:04  Tempest  
  97  8:05  Probe  
  104  8:06  Stalker x2, Probe  
  104  8:12  Gateway  
  109  8:14  Gateway  
  109  8:30  Pylon  
  109  8:32  Pylon  
  109  8:33  Pylon  
  109  8:36  Extended Thermal Lance  
  109  8:40  Probe x2  
  107  8:44  Colossus  
  107  8:53  Probe x3  
  110  9:05  Probe x3, Templar Archives  
  110  9:09  Stalker x4  
  121  9:17  Probe x3  
  121  9:20  Pylon  
  124  9:29  Probe  
  125  9:34  Gateway x2  
  125  9:37  Pylon  
  125  9:38  Colossus  
  123  9:41  Pylon  
  123  9:42  Pylon  
  123  9:44  Pylon  
  101  10:14  Tempest  
  107  10:27  Stalker x4  
  115  10:50  Colossus, Psionic Storm  
  115  10:57  Tempest  
  110  11:19  Stalker  
  110  11:20  Stalker x3  
  110  11:21  Stalker x2  
  106  11:39  Tempest  
  111  11:56  High Templar x6  
  123  12:02  Pylon  
  123  12:04  Pylon  
  123  12:22  Tempest  
  123  12:28  Stalker  
  123  12:29  Stalker x5  
  145  12:31  Nexus  
  145  12:33  Pylon  
  145  12:35  Pylon  
  133  12:52  Stalker  
  133  12:53  Stalker x2  
  131  13:04  High Templar  
  126  13:16  Stalker x2  
  130  13:31  Nexus  
  130  13:41  Stalker  
  130  13:42  Stalker x3  
  138  13:49  Pylon  
  138  13:50  Pylon  
  103  14:26  Stalker x2  
  103  14:27  Stalker x4  
  104  14:50  Stalker x3  
  104  14:51  Stalker  
  108  14:56  Archon x2  
  92  15:17  Stalker  
  92  15:18  Stalker x3  
  60  15:53  Stalker  
  38  16:12  Stalker  
Show
View Real Time Build Order
Export as new Build Order

lfrENzyl Terran - Winner!

Build Orders: Command Center First (CC), Bio Mine 

Get SALT Encoding   

  12  0:01  SCV  
  13  0:13  SCV  
  14  0:17  Supply Depot  
  14  0:25  SCV  
  15  0:39  SCV  
  16  0:51  SCV  
  17  1:00  Command Center  
  17  1:03  SCV  
  18  1:15  Barracks  
  18  1:17  SCV  
  19  1:24  Refinery  
  19  1:29  SCV  
  20  1:41  SCV  
  20  1:43  Refinery  
  21  1:53  SCV  
  22  2:07  Marine  
  23  2:13  Orbital Command  
  23  2:26  Orbital Command  
  23  2:37  Factory  
  23  2:38  Marine  
  24  2:44  SCV  
  23  2:55  SCV  
  24  3:06  Barracks Reactor, SCV  
  24  3:11  Supply Depot, SCV  
  26  3:18  SCV  
  27  3:22  Cyclone, Barracks  
  27  3:26  SCV  
  30  3:30  SCV  
  31  3:38  SCV  
  32  3:45  Command Center  
  32  3:47  SCV  
  33  3:55  SCV  
  34  4:01  SCV  
  35  4:03  Cyclone x2  
  35  4:08  SCV  
  35  4:09  Barracks Tech Lab  
  42  4:10  Barracks Tech Lab  
  42  4:24  Engineering Bay  
  40  4:25  SCV x2  
  40  4:31  Stimpack  
  38  4:39  SCV x2  
  37  4:54  Missile Turret, SCV  
  37  4:55  SCV  
  37  4:58  Orbital Command  
  37  5:08  SCV x2  
  37  5:12  Supply Depot, Barracks Reactor  
  39  5:20  SCV  
  40  5:21  Missile Turret  
  40  5:26  SCV x2  
  40  5:27  Barracks  
  42  5:28  Siege Tank  
  42  5:33  SCV  
  46  5:36  Refinery  
  46  5:38  SCV  
  46  5:40  SCV  
  48  5:45  Marine  
  48  5:48  SCV  
  48  5:49  Marine  
  50  5:50  Marine  
  50  5:56  Bunker  
  52  5:57  Bunker, SCV x2  
  52  6:00  Siege Tank  
  52  6:03  SCV  
  58  6:07  Supply Depot, Marine  
  59  6:12  Marine x2  
  59  6:17  Marine x2  
  63  6:19  Starport  
  63  6:22  SCV x3  
  63  6:25  Supply Depot  
  66  6:26  Supply Depot  
  66  6:29  Marine  
  66  6:31  Combat Shields  
  67  6:35  Supply Depot  
  67  6:37  SCV  
  67  6:38  SCV x2  
  67  6:39  Refinery  
  70  6:45  Missile Turret  
  70  6:50  Liberator  
  70  6:52  Barracks  
  70  6:54  Engineering Bay x2, Factory Reactor  
  70  7:01  Concussive Shells  
  73  7:13  Command Center  
  73  7:16  Marine x2  
  73  7:17  Medivac  
  77  7:30  Marauder  
  77  7:31  Marauder  
  77  7:35  Barracks  
  77  7:36  Barracks  
  81  7:37  Terran Infantry Weapons Level 1, Terran Infantry Armor Level 1  
  80  7:47  SCV x3  
  80  7:49  Marine, Factory Reactor  
  83  8:02  SCV x3  
  83  8:03  Medivac x2  
  89  8:06  Marine x2  
  89  8:07  Marauder x2  
  95  8:22  Supply Depot  
  95  8:23  Supply Depot, Armory  
  95  8:25  Barracks  
  95  8:26  Barracks  
  95  8:28  SCV  
  95  8:29  Orbital Command, SCV  
  95  8:30  SCV  
  95  8:33  Barracks Reactor x2  
  88  8:42  Marauder, Marine x2  
  88  8:43  SCV x2  
  94  8:49  Marine x2  
  94  8:52  Marine  
  94  8:54  Medivac, Widow Mine x2  
  100  8:59  Medivac, Orbital Command, Marine x2  
  100  9:02  Supply Depot  
  104  9:03  SCV x2  
  104  9:04  SCV  
  104  9:07  Marine  
  104  9:08  Marine  
  110  9:10  Marine x2  
  110  9:16  Marine x2  
  116  9:17  Barracks Tech Lab x2, Marauder  
  116  9:23  Factory  
  115  9:25  Barracks Tech Lab  
  115  9:32  Marine  
  115  9:33  Marine x3  
  115  9:34  SCV x2  
  115  9:38  Marauder, Missile Turret, SCV x2  
  122  9:45  Marauder, Marine x2  
  126  9:49  Marine x2  
  126  9:50  Marauder  
  126  9:52  Marine x2  
  131  9:53  Marauder  
  131  9:56  Marine  
  129  10:00  Marauder  
  129  10:06  Marine  
  117  10:07  Marine  
  117  10:08  Marauder, Marine  
  117  10:09  Widow Mine x2  
  117  10:10  Drilling Claws  
  117  10:15  SCV x2  
  117  10:18  Command Center, Barracks Reactor, Starport  
  116  10:22  Marine x4  
  116  10:23  Medivac x2, Marauder, Widow Mine  
  116  10:26  Refinery  
  128  10:29  SCV x3  
  128  10:30  SCV  
  128  10:31  Refinery  
  128  10:33  Refinery  
  132  10:35  Supply Depot  
  132  10:36  Supply Depot, Marine x2  
  132  10:37  Marauder  
  132  10:39  Terran Ship Weapons Level 1  
  136  10:45  Marine x2  
  136  10:46  Marauder  
  140  10:55  SCV  
  140  10:57  Widow Mine x2, SCV x3  
  140  10:58  Widow Mine  
  140  11:02  Marauder, Marine x2  
  150  11:04  Viking x4  
  136  11:19  Marine x2  
  136  11:20  Marauder  
  136  11:22  Marauder, Marine x3  
  136  11:23  Widow Mine x2  
  136  11:24  Widow Mine  
  130  11:34  Marine x4  
  130  11:35  Marauder, Viking  
  130  11:36  Viking x2  
  130  11:39  Orbital Command  
  135  11:40  SCV  
  135  11:41  SCV x3  
  135  11:44  Terran Infantry Weapons Level 2  
  135  11:45  Terran Infantry Armor Level 2  
  132  11:50  Marine  
  132  11:51  Marauder, Marine x2  
  132  11:52  Widow Mine x2  
  132  11:53  Widow Mine, SCV  
  142  11:57  Refinery  
  142  11:58  Marauder, Marine x2  
  142  12:00  Marine  
  142  12:01  Marauder  
  147  12:02  Marine x2  
  147  12:06  Marine  
  150  12:08  Marine x2  
  150  12:13  Marauder  
  150  12:14  Medivac x3  
  157  12:28  Marauder, Marine x3  
  157  12:29  Command Center, Marine  
  163  12:49  Marauder  
  163  12:54  Marine x2  
  163  12:55  Marine  
  163  12:56  Marine x2  
  163  12:59  Medivac  
  163  13:01  Marauder, Widow Mine  
  163  13:03  Marine  
  163  13:04  Refinery  
  163  13:05  Medivac  
  163  13:06  Widow Mine  
  163  13:07  Marine  
  163  13:08  Medivac, Marine  
  163  13:12  Terran Ship Weapons Level 2  
  163  13:27  Command Center  
  163  13:36  Marine  
  163  13:40  Marine x5  
  163  13:41  Widow Mine, Marauder x3, Viking  
  178  13:43  Missile Turret  
  178  13:55  Marine  
  178  14:02  Viking, Marine x2  
  177  14:04  Viking  
  177  14:06  Viking  
  177  14:07  Widow Mine  
  177  14:09  Marauder  
  177  14:10  Widow Mine  
  177  14:11  Marauder  
  177  14:12  Marine  
  177  14:16  Viking, Marine  
  178  14:19  Marauder  
  178  14:20  Marine  
  178  14:24  Marauder, Marine x2  
  165  14:25  Marine x2  
  165  14:27  Widow Mine  
  165  14:29  Widow Mine  
  165  14:30  Marauder  
  161  14:32  Viking, Starport  
  161  14:34  Viking  
  161  14:35  Starport  
  161  14:36  Viking  
  154  14:46  Refinery, Viking, Starport  
  154  14:47  Starport  
  154  14:49  Starport  
  147  14:59  Marine x6  
  148  15:00  Marauder x2, Widow Mine x2  
  148  15:01  Widow Mine, Marine x2  
  148  15:02  Marauder  
  153  15:07  Viking x3  
  153  15:14  Marine  
  146  15:16  Viking  
  146  15:17  Marine x4  
  151  15:21  Marauder x2  
  144  15:31  Marine x2  
  144  15:32  Widow Mine  
  144  15:33  Marauder, Widow Mine x2, Marine x3  
  144  15:34  Marine  
  144  15:35  Marine x3  
  155  15:43  Marauder  
  155  15:47  Marine  
  155  15:48  Marine  
  155  15:49  Marine  
  151  15:52  Medivac x4  
  151  15:53  Starport Tech Lab x2  
  151  15:54  Widow Mine x3  
  155  15:58  Starport Tech Lab  
  155  15:59  Starport Tech Lab x2  
  155  16:03  Marine x9  
  158  16:05  Marine  
  158  16:06  Marine x2  
Tags
 
Add a new tag
Caveats
  • Supply blocks, unpowered buildings, or Contaminate may cause inaccurate times.
  • Supply counts are checked every 10 seconds.